Map: Zen LE

Players

YoutubeTY (TY)

  • Race: Terran Terran
  • League: Diamond
  • Spawn Location: 1:00

Vanya - Winner!

  • Race: Zerg Zerg
  • Spawn Location: 7:00

Event: Shopify TSL 5

VOD

Have the link to the VOD?

Description

Time

  • Played on: May 16, 2020, 9:57 a.m.
  • Length: 10:09

All games in this series

Show
View Real Time Build Order
Export as new Build Order

YoutubeTY Terran 

Build Orders: Liberator Opening, Reaper Expand 

Get SALT Encoding   

  12  0:00  SCV  
  13  0:13  SCV  
  14  0:17  Supply Depot  
  14  0:25  SCV  
  15  0:39  SCV, Barracks  
  16  0:44  Refinery  
  16  0:51  SCV  
  17  1:03  SCV  
  18  1:15  SCV  
  19  1:26  Reaper  
  19  1:29  Orbital Command  
  20  1:41  Command Center  
  20  1:52  Supply Depot  
  20  1:55  SCV  
  20  1:58  Marine  
  22  2:10  Factory  
  22  2:11  SCV  
  23  2:18  Refinery  
  23  2:23  Barracks Reactor, SCV  
  24  2:35  SCV  
  25  2:47  SCV  
  26  3:00  SCV  
  26  3:01  Starport  
  26  3:04  Hellion x2  
  26  3:05  Orbital Command, Marine  
  31  3:12  SCV  
  33  3:22  Supply Depot  
  33  3:24  SCV, Barracks Tech Lab  
  33  3:25  Hellion  
  36  3:32  SCV  
  37  3:36  SCV  
  37  3:37  Hellion, Liberator  
  43  3:46  Hellion  
  43  3:47  SCV  
  46  3:50  SCV, Stimpack  
  47  3:59  SCV  
  47  4:02  Marine  
  47  4:03  SCV  
  47  4:08  Supply Depot  
  49  4:11  SCV  
  49  4:15  SCV  
  51  4:18  Factory Tech Lab  
  51  4:21  Command Center  
  51  4:24  Marine  
  51  4:25  SCV  
  51  4:28  SCV  
  54  4:38  Siege Tank  
  58  4:42  Marine  
  58  4:43  SCV  
  58  4:45  Starport Reactor, Barracks  
  59  4:46  Barracks  
  59  4:50  SCV  
  60  4:56  SCV  
  60  4:59  Supply Depot  
  61  5:05  SCV  
  62  5:09  Engineering Bay x2  
  62  5:21  SCV x2, Marine, Siege Tank  
  68  5:24  Medivac  
  68  5:25  Refinery  
  70  5:32  Refinery  
  70  5:33  Medivac, Marine x3  
  75  5:38  Orbital Command  
  75  5:40  Marine  
  76  5:43  Combat Shield  
  76  5:49  SCV  
  78  5:50  SCV, Marine  
  78  5:51  Marine  
  81  5:57  Supply Depot  
  81  5:58  Marine  
  81  6:01  SCV  
  81  6:02  SCV  
  83  6:06  Terran Infantry Weapons Level 1, Orbital Command  
  83  6:09  Starport Reactor  
  83  6:10  Marine x2  
  85  6:16  Supply Depot  
  85  6:17  Marine x2  
  85  6:18  Supply Depot, Marine  
  85  6:19  SCV x2  
  88  6:27  Marine  
  88  6:28  Marine  
  88  6:30  Siege Tank  
  92  6:33  SCV  
  92  6:37  Marine  
  92  6:38  SCV x2  
  96  6:45  SCV  
  85  6:47  Marine x4  
  85  6:50  SCV x2  
  85  6:52  Terran Infantry Armor Level 1  
  91  6:55  Marine  
  91  6:57  SCV  
  93  7:01  Supply Depot, Bunker  
  93  7:05  Supply Depot, Marine x3  
  93  7:07  Siege Tank  
  99  7:13  SCV x3  
  102  7:19  Barracks  
  102  7:21  Marine x2, Barracks  
  104  7:22  Marine  
  104  7:25  SCV  
  104  7:26  SCV x2  
  108  7:30  Supply Depot  
  108  7:31  Supply Depot  
  108  7:32  Marine x2  
  110  7:37  SCV  
  110  7:38  SCV  
  110  7:39  Marine  
  110  7:40  SCV, Siege Tank  
  110  7:42  Armory  
  114  7:45  Medivac, Marine x2  
  114  7:49  SCV  
  114  7:50  Marine  
  120  7:52  Missile Turret  
  120  7:56  SCV  
  120  7:57  Refinery  
  121  8:01  Marine x2  
  121  8:02  Marine  
  121  8:03  Marine  
  125  8:06  Barracks Reactor, Supply Depot  
  125  8:07  Supply Depot  
  125  8:08  Medivac  
  125  8:09  Factory  
  125  8:12  Marine x2  
  129  8:15  Medivac  
  129  8:17  Siege Tank  
  129  8:18  Marine  
  135  8:26  Supply Depot x2  
  135  8:31  Supply Depot  
  133  8:38  Barracks Reactor  
  116  8:42  Marine x2  
  116  8:43  SCV x2  
  116  8:47  Marine x2  
  101  8:53  Siege Tank  
  101  8:54  Marine x3  
  101  8:55  Medivac x2  
  96  8:56  SCV  
  96  8:57  SCV x2  
  96  8:59  Marine x2  
  85  9:07  Marine x2  
  82  9:14  Marine  
  82  9:15  Marine  
  81  9:21  Marine x2  
  81  9:22  Marine  
  75  9:33  Marine  
  75  9:34  Marine  
  76  9:42  Marine x2  
  78  9:46  Marauder  
  78  9:50  Marine x4  
Show
View Real Time Build Order
Export as new Build Order

Vanya Zerg - Winner!

Build Orders: Hatch First 

Get SALT Encoding   

  12  0:00  Drone  
  13  0:13  Overlord  
  13  0:17  Drone  
  14  0:31  Drone x2  
  16  0:48  Hatchery  
  15  0:52  Drone  
  15  0:55  Drone  
  17  0:58  Drone  
  18  1:09  Extractor  
  17  1:14  Spawning Pool  
  17  1:17  Drone  
  17  1:20  Drone  
  18  1:28  Drone  
  19  1:39  Drone  
  20  1:51  Overlord  
  20  2:00  Queen x2  
  25  2:01  Zergling x4  
  26  2:11  Drone  
  26  2:12  Drone, Metabolic Boost  
  28  2:22  Drone  
  28  2:23  Drone  
  29  2:32  Drone  
  29  2:34  Overlord  
  30  2:37  Queen  
  32  2:44  Drone x2  
  34  2:54  Drone x2  
  35  3:02  Hatchery  
  34  3:09  Drone  
  34  3:11  Drone x2  
  37  3:13  Drone x2  
  37  3:17  Drone  
  37  3:19  Queen  
  42  3:23  Overlord  
  42  3:28  Drone  
  42  3:32  Drone  
  44  3:39  Roach Warren, Extractor  
  42  3:41  Zergling x4  
  42  3:47  Overlord  
  44  3:58  Drone  
  44  3:59  Drone x5  
  50  4:06  Queen  
  52  4:10  Lair  
  52  4:16  Drone x6  
  58  4:19  Extractor  
  57  4:26  Roach x3  
  57  4:31  Overlord  
  63  4:32  Drone x2  
  65  4:38  Drone  
  65  4:39  Evolution Chamber  
  65  4:44  Overlord  
  65  4:45  Drone  
  66  4:48  Spore Crawler  
  66  4:49  Spore Crawler  
  66  4:50  Spore Crawler  
  66  4:52  Drone  
  64  4:53  Drone  
  64  4:54  Drone x2  
  67  5:01  Drone  
  67  5:02  Drone x3  
  67  5:04  Drone  
  67  5:06  Drone  
  72  5:14  Drone x4  
  72  5:19  Extractor  
  72  5:20  Glial Reconstitution  
  75  5:26  Extractor  
  75  5:27  Evolution Chamber  
  75  5:28  Drone x2, Extractor  
  73  5:29  Drone x2  
  73  5:30  Drone  
  73  5:32  Drone  
  78  5:41  Overlord, Drone x3  
  81  5:46  Hatchery  
  80  5:50  Drone x2  
  80  5:53  Zerg Missile Weapons Level 1  
  82  6:00  Overlord  
  82  6:01  Drone x2  
  82  6:02  Drone  
  82  6:04  Overlord  
  85  6:05  Roach  
  85  6:08  Roach  
  85  6:10  Overlord  
  89  6:11  Overseer  
  89  6:17  Overlord  
  88  6:20  Roach x4  
  88  6:23  Ravager x3  
  88  6:25  Overlord  
  97  6:26  Roach  
  97  6:27  Roach  
  97  6:31  Roach x2  
  105  6:34  Overlord  
  105  6:36  Roach  
  105  6:37  Roach  
  109  6:41  Overlord  
  109  6:44  Roach x5  
  117  6:52  Overlord, Evolution Chamber, Drone  
  117  6:54  Roach x2  
  121  6:59  Roach x3  
  127  7:02  Drone  
  127  7:04  Roach x4  
  136  7:10  Ravager x4  
  136  7:15  Zergling x12  
  146  7:23  Roach x3  
  146  7:24  Overlord  
  146  7:25  Overlord  
  152  7:34  Zerg Ground Armor Level 1  
  152  7:39  Roach x3  
  152  7:41  Overlord  
  152  7:44  Roach x6  
  160  7:54  Roach  
  160  7:55  Roach x3  
  168  7:59  Overlord x2  
  168  8:02  Zergling x8  
  172  8:09  Ravager x3  
  172  8:11  Ravager  
  176  8:14  Overlord  
  176  8:16  Overlord  
  176  8:19  Zergling x20  
  186  8:26  Zergling x6  
  189  8:32  Zergling x6  
  148  8:41  Roach x2  
  120  8:48  Roach  
  120  8:49  Roach x10  
  120  8:54  Roach  
  136  8:58  Roach x3  
  126  9:10  Roach x3  
  126  9:16  Roach x5  
  140  9:31  Roach x7  
  140  9:37  Ravager x5  
  157  9:46  Roach x3  
  157  9:50  Hatchery  
Tags
 
Add a new tag
Caveats
  • Supply blocks, unpowered buildings, or Contaminate may cause inaccurate times.
  • Supply counts are checked every 10 seconds.